 Dungeon Crawl Stone Soup version 0.31.0-1-g2c135a008e (webtiles) character file.

Game seed: 13332652310499376097

151 qw the Shooter (level 5, 0/40 HPs)
             Began as a Djinni Hunter on Jan 24, 2024.
             Slain by a goblin
             ... wielding a +0 club
             ... led by Robin
              (1 damage)
             ... on level 3 of the Dungeon.
             The game lasted 00:00:08 (2004 turns).

qw the Shooter (Djinni Hunter)                      Turns: 2004, Time: 00:00:09

Health: 0/40       AC:  4    Str: 10    XL:     5   Next: 59%
Gold:   141        EV: 13    Int: 10    God:
                   SH:  0    Dex: 19

rFire   + + .        a - +0 shortbow
rCold   x . .        (shield currently unavailable)
rNeg    . . .        c - +0 leather armour
rPois   inf          b - +0 helmet
rElec   .            (no cloak)
rCorr   .            (no gloves)
SInv    .            (boots unavailable)
Will    +....        (no amulet)
Stlth   ++           e - ring of willpower
HPRegen 0.26/turn    (no ring)
MPRegen 0.00/turn

%: infuse magic (-1 HP)
@: flying
A: sickness immunity, fire resistance 2, cold vulnerability 1, float, innate
caster, HP casting, extra vitality 1
a: no special abilities


You were on level 3 of the Dungeon.
You visited 1 branch of the dungeon, and saw 4 of its levels.

You collected 141 gold pieces.


Innate Abilities, Weirdness & Mutations

You are immune to sickness and miasma.
You are immune to poison.
Your flesh is very heat resistant. (rF++)
You are vulnerable to cold. (rC-)
You float through the air rather than walking.
You learn spells naturally, not from books.
Your magical power is your life essence.
You have superior vitality. (+4 MHP)


   Skills:
 - Level 3.1 Fighting
 + Level 4.6 Ranged Weapons
 - Level 3.1 Dodging
 - Level 0.7 Stealth


You knew the following spells:

 Your Spells              Type           Power      Damage    Failure   Level
a - Summon Small Mammal   Summ           0%         N/A       45%         1
b - Jinxbite              Hex            0%         N/A       61%         2
Your spell library was empty.

Inventory:

Hand Weapons
 a - a +0 shortbow (weapon)
Armour
 b - a +0 helmet (worn)
 c - a +0 leather armour (worn)
Jewellery
 e - a ring of willpower (left hand)
Potions
 g - a potion of curing
 h - a potion of cancellation {unknown}

Dungeon Overview and Level Annotations

Branches:
Dungeon (4/15)
 Temple: D:4-7

Altars:

Annotations:
D:4 Robin


Message History

You fly upwards.
There is a stone staircase leading down here.
You shoot an arrow. The arrow hits the goblin.
The goblin is moderately wounded.
The goblin barely misses you. The goblin hits you with a +0 club.
The goblin barely misses you. The goblin hits you with a +0 dagger.
The hobgoblin closely misses you.
You shoot an arrow. The arrow misses the goblin.
The goblin hits you but does no damage. The goblin hits you with a +0 club.
The goblin closely misses you. x2; The hobgoblin completely misses you.
You shoot an arrow. The arrow completely misses the goblin.
The goblin hits you with a +0 club. The goblin barely misses you.
The goblin closely misses you. The goblin hits you with a +0 dagger.
The hobgoblin hits you.
You shoot an arrow. The arrow hits the goblin!
You kill the goblin!
The goblin closely misses you. The hobgoblin closely misses you.
The goblin hits you with a +0 club. The goblin barely misses you.
You shoot an arrow. The arrow hits the goblin.
The goblin is severely wounded.
The goblin hits you with a +0 club. The hobgoblin misses you.
The goblin hits you but does no damage. x2; The goblin completely misses you.
You shoot an arrow. The arrow closely misses the goblin.
The goblin hits you but does no damage. The hobgoblin hits you.
The goblin hits you with a +0 dagger. The goblin hits you but does no damage.
The goblin hits you with a +0 club. x2; The goblin closely misses you.
The goblin barely misses you. The hobgoblin closely misses you.
The goblin hits you but does no damage.
You shoot an arrow. The arrow closely misses the goblin.
The goblin hits you but does no damage.
The hobgoblin hits you but does no damage.
The goblin completely misses you. The goblin closely misses you.
The goblin hits you but does no damage.
You shoot an arrow. The arrow barely misses the goblin.
The goblin hits you with a +0 club. The hobgoblin misses you.
The goblin misses you. The goblin hits you with a +0 club. x2
You shoot an arrow. The arrow hits the goblin!
You kill the goblin!
The goblin hits you with a +0 club.
You die...

#....# ##############
##....# #).........#
######...!.#
#.....<..(.#
#.^.##)#####
##..........# #
.....#.#
#....###.######
.......# ####.=.##
#.# ##. ......##
#......# #.## #..
......#
####g).##.####..###..
.....##
#..g@g###............
.....##
#.###g##...#####.##..
......## ####..##.###
#.#... .......####
##.###.# #...#.
..........## #..###.#
###... .....####..#
##.###..# #..) #...##
##.###..###..#
####... #####
#.....#.....# #......
########..>.#...#
####......


You could see a hobgoblin and 3 goblins.

Vanquished Creatures
  An orc priest (D:3)
  3 adders (D:2)
  A ribbon worm (D:2)
  3 dart slugs
  3 orcs (D:3)
  3 bats
  7 endoplasms
  A giant cockroach (D:1)
  12 goblins
  10 hobgoblins
  4 quokkas
  9 ball pythons
  3 frilled lizards
  11 kobolds
  6 rats
77 creatures vanquished.

Notes
Turn   | Place    | Note
-------+----------+-------------------------------------------
     0 | D:1      | qw the Djinni Hunter began the quest for the Orb.
     0 | D:1      | Reached XP level 1. HP: 18/18 MP: 0/0
     0 | D:1      | 0 ||| qw: Version: 0.3-a-136-gdd3b4e8
     0 | D:1      | 0 ||| qw: Game counter: 1235
     0 | D:1      | 0 ||| qw: Melee chars always use a shield: true
     0 | D:1      | 0 ||| qw: God list: Okawaru
     0 | D:1      | 0 ||| qw: Allow faded altars: false
     0 | D:1      | 0 ||| qw: Do Orc after clearing Dungeon:15 true
     0 | D:1      | 0 ||| qw: Do second Lair branch before Depths: true
     0 | D:1      | 0 ||| qw: Lair rune preference: random
     0 | D:1      | 0 ||| qw: Goals: Normal
     0 | D:1      | 0 ||| PLANNING D:1-11
    90 | D:1      | Reached XP level 2. HP: 23/23 MP: 0/0
   230 | D:1      | Reached skill level 4 in Ranged Weapons
   230 | D:1      | Reached XP level 3. HP: 28/28 MP: 0/0
   230 | D:1      | Learned a level 1 spell: Summon Small Mammal
   719 | D:1      | 719 ||| READING scroll labelled HEORIA JYCRIT MEK.
   719 | D:1      | 719 ||| IDENTIFYING coppery potion
   720 | D:1      | 720 ||| READING scroll labelled FEIKAO KIPYF.
   721 | D:1      | 721 ||| DROPPING scroll of butterflies.
   722 | D:1      | 722 ||| DROPPING potion of attraction.
   763 | D:2      | Reached skill level 3 in Fighting
   763 | D:2      | Reached XP level 4. HP: 20/35 MP: 0/0
  1129 | D:2      | Reached skill level 3 in Dodging
  1281 | D:2      | 1281 ||| UPGRADING to +0 helmet.
  1286 | D:2      | 1286 ||| READING 2 scrolls of identify.
  1286 | D:2      | 1286 ||| IDENTIFYING lumpy cyan potion
  1287 | D:2      | 1287 ||| READING scroll of identify.
  1287 | D:2      | 1287 ||| IDENTIFYING 2 viscous dark potions
  1288 | D:2      | 1288 ||| READING scroll labelled SOCIALIYLOS.
  1289 | D:2      | 1289 ||| READING scroll labelled BUESOSU LYMA.
  1293 | D:2      | 1293 ||| DROPPING 2 potions of magic.
  1294 | D:2      | 1294 ||| DROPPING potion of degeneration.
  1368 | D:3      | Reached XP level 5. HP: 40/40 MP: 0/0
  1368 | D:3      | Learned a level 2 spell: Jinxbite
  1573 | D:3      | 1573 ||| FLEEEEING.
  1574 | D:3      | 1574 ||| FLEEEEING.
  1855 | D:3      | 1855 ||| UPGRADING to ring of willpower.
  1856 | D:3      | 1856 ||| READING scroll of identify.
  1856 | D:3      | 1856 ||| IDENTIFYING black potion
  1857 | D:3      | 1857 ||| READING scroll labelled RUSCHUB TUCZUG.
  1958 | D:3      | 1958 ||| READING scroll labelled QIT LI IXZAUX.
  1967 | D:4      | Noticed Robin
  1968 | D:4      | 1968 ||| STAIRDANCE
  1989 | D:4      | 1989 ||| STAIRDANCE
  1994 | D:4      | 1994 ||| STAIRDANCE
  2001 | D:3      | HP: 9/40 [goblin/+0 club[Robin] (4)]
  2003 | D:3      | HP: 1/40 [goblin/+0 club[Robin] (4)]
  2004 | D:3      | Slain by a goblin

Levels and vault maps discovered:
D:1:      scummos_arrival_simple_crosswalls, layout_basic
D:2:      layout_basic
D:3:      layout_rooms, minivault_24
D:4:      layout_cave_pools, grunt_temple_overflow_open, uniq_robin

Skill      XL: |  1  2  3  4 |
---------------+-------------+-----
Ranged Weapons | 4 |  4.6
Fighting       | 3 |  3.1
Dodging        | 3 |  3.1
Stealth        | |  0.7

Action                     |  1- 3 |  4- 6 || total
---------------------------+-------+-------++-------
   Fire: Shortbow          |   102 |   130 ||   232
    Use: Scroll            |     2 |     7 ||     9
 Armour: Leather armour    |    23 |    57 ||    80
  Dodge: Dodged            |    28 |    54 ||    82

Table legend:
 A = Non-vault XP
 B = Vault XP
 C = Vault XP percentage of total XP
 D = Non-vault monster count
 E = Vault monster count
 F = Vault count percentage of total count
                 A         B        C        D         E       F
            +---------+---------+-------+---------+---------+-------
      Total |     206 |      12 |   5.5 |      71 |       6 |   7.8
            +---------+---------+-------+---------+---------+-------
        D:1 |      53 |       0 |   0.0 |      29 |       0 |   0.0
        D:2 |      81 |       0 |   0.0 |      24 |       0 |   0.0
        D:3 |      72 |       8 |  10.0 |      18 |       4 |  18.2
        D:4 |       0 |       4 | 100.0 |       0 |       2 | 100.0
            +---------+---------+-------+---------+---------+-------
